 Dungeon Crawl Stone Soup version 0.30-a0-321-gf7783e6616 (webtiles) character file.

Game seed: 10644695038598460067

59 Ijustatesigmund the Shield-Bearer (level 4, -4/41 HPs)
             Began as a Gnoll Fighter on Oct 27, 2022.
             Killed by nerve-wracking pain
             ... invoked by an orc priest
              (10 damage)
             ... on level 3 of the Dungeon.
             The game lasted 00:01:22 (1508 turns).

Ijustatesigmund the Shield-Bearer (Gnoll Fighter)   Turns: 1508, Time: 00:01:22

Health: -4/41      AC:  7    Str: 17    XL:     4   Next: 3%
Magic:  5/5        EV:  9    Int:  8    God:
Gold:   90         SH:  5    Dex: 11    Spells: 5/5 levels left

rFire   . . .      SeeInvis .    a - +0 war axe
rCold   . . .      Faith    .    c - +0 buckler
rNeg    . . .      Spirit   .    b - +0 scale mail
rPois   .          Reflect  .    (no helmet)
rElec   .          Harm     .    (no cloak)
rCorr   .          Rampage  .    (no gloves)
Will    .....                    (no boots)
Stlth   ..........               (no amulet)
HPRegen 0.26/turn                (no ring)
MPRegen 0.09/turn                (no ring)

@: no status effects
A: fangs 1, strong nose, distributed training
a: no special abilities


You were on level 3 of the Dungeon.
You visited 1 branch of the dungeon, and saw 3 of its levels.

You collected 90 gold pieces.

Inventory:

Hand Weapons
 a - a +0 war axe (weapon)
Armour
 b - a +0 scale mail (worn)
 c - a +0 buckler (worn)
Jewellery
 m - a ring of wizardry
Scrolls
 e - a scroll of poison {unknown}
 f - 4 scrolls of identify {unknown}
 h - a scroll of enchant armour {unknown}
 j - a scroll of noise {unknown}
 k - a scroll of teleportation {unknown}
 l - a scroll of fear {unknown}
Potions
 d - 2 potions of might
 g - a potion of berserk rage {unknown}
 i - a potion of resistance {unknown}


   Skills:
 + Level 6.6 Fighting
 + Level 1.0 Short Blades
 + Level 1.0 Long Blades
 + Level 4.6 Axes
 + Level 1.0 Maces & Flails
 + Level 1.0 Polearms
 + Level 1.0 Staves
 + Level 1.0 Ranged Weapons
 + Level 1.0 Throwing
 + Level 6.6 Armour
 + Level 1.0 Dodging
 + Level 1.0 Stealth
 + Level 6.6 Shields
 + Level 1.0 Unarmed Combat
 + Level 1.0 Spellcasting
 + Level 0.8 Conjurations
 + Level 0.8 Hexes
 + Level 0.8 Summonings
 + Level 0.8 Necromancy
 + Level 0.8 Translocations
 + Level 0.8 Transmutations
 + Level 0.8 Fire Magic
 + Level 0.8 Ice Magic
 + Level 0.8 Air Magic
 + Level 0.8 Earth Magic
 + Level 0.8 Poison Magic
 + Level 1.1 Invocations
 + Level 1.0 Evocations


You had 5 spell levels left.
You didn't know any spells.
Your spell library contained the following spells:

 Spells                   Type           Power      Damage    Failure   Level
 Sandblast                Erth           2%         2d4       71%         1
 Passwall                 Tmut/Erth      0%         N/A       85%         2
 Stone Arrow              Conj/Erth      2%         3d7       97%         3


Dungeon Overview and Level Annotations

Branches:
Dungeon (3/15)

Altars:


Innate Abilities, Weirdness & Mutations

You have very sharp teeth.
Your uncanny sense of smell can sniff out nearby items.
Your experience applies equally to all skills.


Message History

The orc priest barely misses you. The orc hits you but does no damage.
You hit the orc but do no damage. You hit the orc. You slash the orc!
You kill the orc!
The orc barely misses you. The orc hits you with a +0 short sword.
You hit the orc but do no damage. You bite the orc.
The orc is heavily wounded.
You barely miss the orc. You closely miss the orc priest.
The orc hits you with a +0 short sword. The orc hits you but does no damage.
The orc priest barely misses you.
You slash the orc!
You kill the orc!
You hit the orc priest. You hit the orc. You block the orc's attack.
The orc priest hits you with a +0 flail!
The orc barely misses you. You block the orc priest's attack.
You have reached level 4!
You feel clever.
You closely miss the orc priest.
The orc priest is heavily wounded.
You closely miss the orc. The orc hits you with a +0 flail.
The orc priest hits you but does no damage.
You closely miss the orc priest.
The orc priest is heavily wounded.
You slash the orc!
You kill the orc!
The orc priest hits you but does no damage.
You hit the orc priest. Your bite misses the orc priest.
The orc priest is heavily wounded.
The orc priest closely misses you.
You slash the orc priest!
The orc priest is almost dead.
The orc priest hits you with a +0 flail.
* * * LOW HITPOINT WARNING * * *
The orc priest calls down the wrath of Beogh upon you.
Pain shoots through your body!
* * * LOW HITPOINT WARNING * * *
You closely miss the orc priest. Your bite misses the orc priest.
The orc priest is almost dead.
The orc priest calls down the wrath of Beogh upon you.
Pain shoots through your body!
You die...

..... ∆ .(.. ... ..##
..# #†#############
#..##...:......
#####.##/.))......
#.........@o......
#######.##.###.######...
...............#
#######......... #
#.......#.# #
###.....#.# # ......#..
# #.....### # .....#


You could see an orc priest.

Vanquished Creatures
  2 adders
  3 orcs (D:3)
  2 bats (D:2)
  An endoplasm (D:3)
  4 giant cockroaches
  4 goblins
  3 hobgoblins
  4 jackals (D:1)
  2 quokkas (D:2)
  2 ball pythons (D:2)
  2 frilled lizards
  4 kobolds
  3 rats
36 creatures vanquished.

Notes
Turn   | Place    | Note
-------+----------+-------------------------------------------
     0 | D:1      | Ijustatesigmund the Gnoll Fighter began the quest for the
                  | Orb.
     0 | D:1      | Reached XP level 1. HP: 23/23 MP: 1/1
    12 | D:1      | Reached XP level 2. HP: 29/29 MP: 2/2
   525 | D:2      | Reached XP level 3. HP: 32/35 MP: 3/3
   663 | D:2      | Found a faded altar of an unknown god.
   952 | D:2      | Reached skill level 1 in Invocations
  1474 | D:3      | Reached skill level 1 in Short Blades
  1474 | D:3      | Reached skill level 1 in Long Blades
  1474 | D:3      | Reached skill level 1 in Maces & Flails
  1474 | D:3      | Reached skill level 1 in Polearms
  1474 | D:3      | Reached skill level 1 in Staves
  1474 | D:3      | Reached skill level 1 in Ranged Weapons
  1474 | D:3      | Reached skill level 1 in Throwing
  1474 | D:3      | Reached skill level 1 in Dodging
  1474 | D:3      | Reached skill level 1 in Stealth
  1474 | D:3      | Reached skill level 1 in Unarmed Combat
  1474 | D:3      | Reached skill level 1 in Spellcasting
  1474 | D:3      | Reached skill level 1 in Evocations
  1504 | D:3      | Reached XP level 4. HP: 20/41 MP: 5/5
  1508 | D:3      | Killed from afar by an orc priest

Illustrated notes

Levels and vault maps discovered:
D:1:      eino_arrival_cavern_d, layout_rooms, minivault_23
D:2:      layout_rooms, ebering_ecumenical_altar_ruins, serial_co_window_serial,
          co_window_paths_b, co_window_of_opportunity_a, co_window_corner_a,
          co_window_corner_a, co_window_paths_a, co_window_cross_3,
          co_window_corner_b, co_window_unsneaky_path_a, co_window_paths_c,
          co_window_4corner_b
D:3:      layout_basic, old_standard_altar, fountainhead, grunt_ministairs_8

Skill      XL: |  1  2  3 |
---------------+----------+-----
Invocations    | 1 |  1.1
Short Blades   | 1 |  1.0
Long Blades    | 1 |  1.0
Maces & Flails | 1 |  1.0
Polearms       | 1 |  1.0
Staves         | 1 |  1.0
Ranged Weapons | 1 |  1.0
Throwing       | 1 |  1.0
Dodging        | 1 |  1.0
Stealth        | 1 |  1.0
Unarmed Combat | 1 |  1.0
Spellcasting   | 1 |  1.0
Evocations     | 1 |  1.0
Fighting       | |  6.6
Axes           | |  4.6
Armour         | |  6.6
Shields        | |  6.6
Conjurations   | |  0.8
Hexes          | |  0.8
Summonings     | |  0.8
Necromancy     | |  0.8
Translocations | |  0.8
Transmutations | |  0.8
Fire Magic     | |  0.8
Ice Magic      | |  0.8
Air Magic      | |  0.8
Earth Magic    | |  0.8
Poison Magic   | |  0.8

Action                   |  1- 3 |  4- 6 || total
-------------------------+-------+-------++-------
Melee: War axe           |    89 |     5 ||    94
       Bite              |     5 |       ||     5
Armor: Scale mail        |    55 |     2 ||    57
Dodge: Dodged            |    38 |     1 ||    39
Block: Buckler           |    18 |       ||    18

Table legend: (Time is in decaauts)
 A = Elapsed time spent in this place.
 B = Non-inter-level travel time spent in this place.
 C = Inter-level travel time spent in this place.
 D = Time resting spent in this place.
 E = Time spent auto-exploring this place.
 F = Levels seen in this place.
 G = Mean time per level.
                   A        B        C        D        E       F      G
               +--------+--------+--------+--------+--------+-----+--------+
         Total |   1535 |   1459 |     76 |      0 |   1227 |   3 |  511.7 |
       Dungeon |   1535 |   1459 |     76 |      0 |   1227 |   3 |  511.7 |
               +--------+--------+--------+--------+--------+-----+--------+

Top non-repeatable levels by time:
     D:2: 863 daAuts
     D:1: 520 daAuts
     D:3: 152 daAuts
